 Dungeon Crawl Stone Soup version 0.27-a0-684-g359e429f13 (webtiles) character file.

Game seed: 9430453136237517889

8 Allula97 the Skirmisher (level 1, -3/18 HPs)
             Began as a Demigod Fighter on Mar 20, 2021.
             Slain by a worm (6 damage)
             ... on level 2 of the Dungeon.
             The game lasted 00:00:49 (1001 turns).

Allula97 the Skirmisher (Demigod Fighter)           Turns: 1001, Time: 00:00:49

Health: -3/18      AC:  6    Str: 17    XL:     1   Next: 80%
Magic:  3/3        EV:  7    Int: 10    God:
Gold:   41         SH:  9    Dex: 13    Spells: 0/0 levels left

rFire    . . .     SeeInvis .     - Unarmed
rCold    . . .     Faith    .   b - +0 kite shield
rNeg     . . .     Spirit   .   a - +0 scale mail
rPois    .         Reflect  .   (no helmet)
rElec    .         Harm     .   (no cloak)
rCorr    .         Rampage  .   (no gloves)
Will     .....                  (no boots)
Stlth    ..........             (no amulet)
HPRegen  0.06/turn              (no ring)
MPRegen  0.08/turn              (no ring)

@: no status effects
A: high mp 1, forlorn
a: no special abilities


You were on level 2 of the Dungeon.
You visited 1 branch of the dungeon, and saw 2 of its levels.

You collected 41 gold pieces.

Inventory:

Armour
 a - a +0 scale mail (worn)
 b - a +0 kite shield (worn)
Scrolls
 d - a scroll of magic mapping {unknown}
 f - a scroll of silence {unknown}
Potions
 c - 2 potions of might
 e - a potion of haste {unknown}
 g - a potion of berserk rage {unknown}


   Skills:
 * Level 2.8 Fighting
 * Level 2.8 Armour
 * Level 0.1 Dodging
 * Level 0.3 Stealth
 * Level 2.8 Shields
 * Level 1.8 Unarmed Combat


You couldn't memorise any spells.
You didn't know any spells.
Your spell library was empty.

Dungeon Overview and Level Annotations

Branches:
Dungeon (2/15)


Innate Abilities, Weirdness & Mutations

Your attributes grow dramatically as you level up.
You have an increased reservoir of magic. (+10% MP)
You shall have no god before yourself.


Message History

Done exploring.
You see here a +0 mace.
You see here a +0 dagger.
There is an open door here.
There is an open door here.
You see here 22 stones.
There is a stone staircase leading down here.
You climb downwards.
Found a robe.
Found an escape hatch in the floor.
There is a stone staircase leading up here.
You open the door.
There is an open door here.
Found an escape hatch in the ceiling.
There is an escape hatch in the ceiling here.
A worm comes into view.
You hit the worm but do no damage. You block the worm's attack.
Your shield prevents you from hitting the worm.
You barely miss the worm. The worm bites you!
Ouch! That really hurt!
You hit the worm.
The worm is moderately wounded.
The worm bites you.
You hit the worm.
The worm is moderately wounded.
You hit the worm.
The worm is severely wounded.
The worm bites you.
* * * LOW HITPOINT WARNING * * *
You hit the worm.
The worm is severely wounded.
The worm completely misses you.
You hit the worm.
The worm is severely wounded.
You block the worm's attack.
Your shield and scale mail prevent you from hitting the worm.
The worm is severely wounded.
You hit the worm but do no damage.
The worm is severely wounded.
The worm bites you.
You die...

#########
#.......#
#.#####.###
####<##.......
#####.......##.###
#.....##.......#
#@######.....###
#....w.# ##...##
#.###..# ##.##
#..# #.# #..# #.#
#..# ##'## #..#
##...## #..#
##.....##
..#.......##


You could see a worm.

Vanquished Creatures
  A leopard gecko (D:1)
  A hobgoblin (D:1)
  A kobold (D:1)
  A frilled lizard (D:1)
  3 goblins (D:1)
7 creatures vanquished.

Notes
Turn   | Place    | Note
-------+----------+-------------------------------------------
     0 | D:1      | Allula97 the Demigod Fighter began the quest for the Orb.
     0 | D:1      | Reached XP level 1. HP: 18/18 MP: 3/3
  1001 | D:2      | Slain by a worm

Illustrated notes

Levels and vault maps discovered:
D:1:      mrwooster_arrival_statue_2, layout_basic
D:2:      layout_loops_corners, dancing_weapons_uskayaw,
          chequers_ecumenical_altar_island, uniq_robin

Action                   || total
-------------------------++-------
Melee: Unarmed           ||    49
Armor: Scale mail        ||    10
Dodge: Dodged            ||    11
Block: Kite shield       ||    19

Table legend: (Time is in decaauts)
 A = Elapsed time spent in this place.
 B = Non-inter-level travel time spent in this place.
 C = Inter-level travel time spent in this place.
 D = Time resting spent in this place.
 E = Time spent auto-exploring this place.
 F = Levels seen in this place.
 G = Mean time per level.
                   A        B        C        D        E       F      G
               +--------+--------+--------+--------+--------+-----+--------+
         Total |   1011 |    886 |    125 |      0 |    755 |   2 |  505.5 |
       Dungeon |   1011 |    886 |    125 |      0 |    755 |   2 |  505.5 |
               +--------+--------+--------+--------+--------+-----+--------+

Top non-repeatable levels by time:
     D:1: 965 daAuts
     D:2: 45 daAuts
